 Dungeon Sprint DCSS version 0.31-a0-662-g684573625c (webtiles) character file.

Game seed: 703641979768184422

1619 sircluck the Grappler (level 8, -11/83 HPs)
             Began as a Troll Berserker on Aug 31, 2023.
             Was a High Priest of Trog.
             Shot with a bolt by a yaktaur captain (42 damage)
             ... in the Dungeon (Sprint II: "The Violet Keep of Menkaure").
             The game lasted 00:02:17 (265 turns).

sircluck the Grappler (Troll Berserker)              Turns: 265, Time: 00:02:17

Health: -11/83     AC:  4    Str: 28    XL:     8   Next: 64%
Magic:  6/6        EV: 12    Int:  3    God:    Trog [*****.]
Gold:   660        SH:  0    Dex:  9    Spells: 7/7 levels left

rFire   . .          .
                       - Unarmed
rCold   . . .        (no shield)
rNeg    . . .        a - +0 animal skin
rPois   .            (helmet restricted)
rElec   .            (no cloak)
rCorr   .            (gloves unavailable)
SInv    .            (boots unavailable)
Will    .....        (no amulet)
Stlth   +            (no ring)
HPRegen 1.13/turn    (no ring)
MPRegen 0.10/turn

%: no teleportation
@: spiked
A: large, unfitting armour, claws 3, regeneration 1, shaggy fur 1, tough skin 1,
frail 1, low MP 1
a: Renounce Religion, Berserk, Trog's Hand, Brothers in Arms


You were in the Dungeon.
You worshipped Trog.
Trog was extremely pleased with you.
You visited 1 branch You collected 984 gold pieces.
You spent 324 gold pieces at shops.

Inventory:

Armour
 a - a +0 animal skin (worn)
Jewellery
 h - a ring of flight
Scrolls
 b - a scroll of revelation
 g - a scroll of blinking
Potions
 c - a potion of heal wounds
 d - a potion of haste
 e - 2 potions of magic
 f - a potion of berserk rage


   Skills:
 + Level 10.0 Fighting
 + Level 9.8 Dodging
 + Level 11.6 Unarmed Combat


You had 7 spell levels left.
You didn't know any spells.
Your spell library was empty.

Dungeon Overview and Level Annotations

Branches:
Dungeon (1/1)

Altars:
Zin

Shops:
D :*:(!![[!==(([?

Annotations:
D exclusion: oklob plant, Kirke


Innate Abilities, Weirdness & Mutations

You are too large for most types of armour.
You have claws for hands.
Your natural rate of healing is unusually fast.
You are covered in fur. (AC +1)
You have tough skin. (AC +1)
You are frail. (-10% HP)
Your magical capacity is low. (-10% MP)


Message History

An elephant comes into view.
The kobold demonologist begins to cast a cantrip, but forgets the words!
There is an open door here.
You start waiting.
A kobold demonologist is nearby!
There is an open door here.
You mangle the kobold demonologist!!
The kobold demonologist is almost dead.
You barely miss the kobold demonologist.
The kobold demonologist is almost dead.
The kobold demonologist gestures wildly while chanting.
You mangle the kobold demonologist!!
You kill the kobold demonologist!
Trog accepts your kill.
Trog appreciates your killing of a magic user.
The orange demon disappears in a puff of smoke!
You feel your intelligence returning.
Your Fighting skill increases to level 10!
Unknown command.
Things that are here:
a +0 dagger; a +0 robe; a kobold corpse A wyvern comes into view.
The wyvern hisses angrily.
The yaktaur captain wields a +0 arbalest.
The yaktaur captain shoots a bolt.
The bolt hits you!!
A centaur warrior comes into view.
You hear some strange, mumbled words.
Something summons a manticore!
A wyvern comes into view.
The wyvern hisses angrily.
The yaktaur captain shoots a bolt.
The bolt hits you!
The manticore flicks its tail.
The volley of spikes hits you!
The barbed spikes become lodged in your body.
Things that are here:
a +0 dagger; a +0 robe; a kobold corpse The barbed spikes dig painfully into your body as you move.
The yaktaur captain shoots a bolt.
The bolt hits you!!!
Ouch! That really hurt!
You die...

+#### ≈≈≈≈°≈≈## ○≈≈≈≈≈≈## #
≈°8≈°≈≈○# l.#### ≈≈≈°≈≈ zc.~##
≈≈≈≈ ##########{c#+++#+++##
#########~~H...).....#
....∩.∩.#~~~~.##@##..#
...∩.∩..#~~~~##.#.##.####
..∩.∩...#~~~~#..##.#....#
.⌠......#~~####..#####..##
..∩.∩...#~##.###'###.##..#
...∩.∩..#~#...##†##...#..#
....∩.∩.'~'.##'.<†'.#)'..###
.....∩.∩#~#...##.##...#§...###.
▓▓▓▓▓▓###~##.###'###.##.§....~~~


You could see a yaktaur captain, an ice statue and a manticore (summoned).

Vanquished Creatures
  A merfolk siren (D)
  A kobold demonologist (D)
  4 neqoxecs (D)
  Menkaure (D)
  2 water moccasins (D)
  4 necrophages (D)
  A hell rat (D)
  3 worms (D)
17 creatures vanquished.

Notes
Turn   | Place    | Note
-------+----------+-------------------------------------------
     0 | D        | sircluck the Troll Berserker began the quest for the Orb.
     0 | D        | Reached XP level 1. HP: 22/22 MP: 0/0
    17 | D        | Noticed an ice statue
    18 | D        | Noticed a water moccasin
    27 | D        | Killed a water moccasin
    27 | D        | Reached ** piety under Trog
    28 | D        | Reached skill level 5 in Fighting
    28 | D        | Reached skill level 5 in Dodging
    28 | D        | Reached skill level 6 in Unarmed Combat
    28 | D        | Reached XP level 2. HP: 6/35 MP: 1/1
    28 | D        | Reached XP level 3. HP: 7/42 MP: 2/2
    28 | D        | Reached XP level 4. HP: 8/50 MP: 3/3
    38 | D        | Found Hudeatat's Weapon Shop.
    38 | D        | Found Nased's Antique Armour Boutique.
    39 | D        | Found Tokloit's Magic Scroll Shop.
    40 | D        | Found Obbelip's Jewellery Shop.
    40 | D        | Found Laitiff's Jewellery Shop.
    40 | D        | Found Zeojinak's Antique Weapon Boutique.
    41 | D        | Found Jynevov's Distillery.
    41 | D        | Found Ocle's Antique Armour Shop.
    41 | D        | Found Azit's Antique Armour Boutique.
    41 | D        | Found Niazxisi's Distillery.
    42 | D        | Found Wetifial's Weapon Boutique.
    42 | D        | Found Gaosmed's Distillery.
    43 | D        | Found Wiomeme's General Store.
    43 | D        | Found Vung's Book Shop.
    45 | D        | Noticed a water moccasin
    46 | D        | Noticed a water moccasin
    62 | D        | Noticed a water moccasin
    68 | D        | Killed a water moccasin
    69 | D        | Reached XP level 5. HP: 51/59 MP: 4/4
    75 | D        | Found a glowing silver altar of Zin.
    75 | D        | Noticed a merfolk siren
    76 | D        | Noticed Menkaure
    82 | D        | Killed Menkaure
    82 | D        | Reached *** piety under Trog
    83 | D        | Reached skill level 7 in Unarmed Combat
    96 | D        | Killed a merfolk siren
    97 | D        | Reached skill level 9 in Unarmed Combat
    97 | D        | Reached XP level 6. HP: 72/72 MP: 5/5
    97 | D        | Reached XP level 7. HP: 80/80 MP: 6/6
   103 | D        | Noticed a neqoxec
   103 | D        | Noticed a neqoxec
   103 | D        | Noticed a neqoxec
   106 | D        | Reached **** piety under Trog
   113 | D        | Gained mutation: Your magical capacity is low. (-10% MP) [a
                  | neqoxec]
   115 | D        | Killed a neqoxec
   116 | D        | Reached skill level 10 in Unarmed Combat
   118 | D        | Killed a neqoxec
   120 | D        | Lost intelligence.
   127 | D        | Killed a neqoxec
   127 | D        | Reached ***** piety under Trog
   128 | D        | Reached XP level 8. HP: 92/92 MP: 6/6
   136 | D        | Gained mutation: You are frail. (-10% HP) [a neqoxec]
   138 | D        | Reached skill level 11 in Unarmed Combat
   209 | D        | Noticed an oklob plant
   212 | D        | Found Juilelor's Book Shoppe.
   213 | D        | Bought a scroll of revelation for 97 gold pieces
   218 | D        | Noticed a slime creature
   218 | D        | Noticed a slime creature
   225 | D        | Bought a ring of flight for 227 gold pieces
   248 | D        | Noticed Kirke
   248 | D        | Noticed a yaktaur captain
   248 | D        | Noticed a kobold demonologist
   249 | D        | Noticed a skeletal warrior
   250 | D        | Noticed an elephant
   259 | D        | Noticed an orange demon
   259 | D        | Killed a kobold demonologist
   260 | D        | Reached skill level 10 in Fighting
   262 | D        | Noticed a centaur warrior
   263 | D        | Noticed a manticore
   265 | D        | Shot with a bolt by a yaktaur captain

Illustrated notes

Levels and vault maps discovered:
D:        the_violet_keep_of_menkaure [sprint2_stairs_cluster_1,
          sprint2_shoproom, sprint2_temple, sprint2_basic_supplies,
          sprint2_obstacle_5, sprint2_obstacle_3, sprint2_obstacle_2,
          sprint2_obstacle_1, sprint2_obstacle_6, sprint2_timed_cluster_1,
          sprint2_smallroom_cluster_1, sprint2_smallroom_final_cluster_1,
          sprint2_transparent_cluster_1, sprint2_second_timed_cluster_1,
          sprint2_sniper_area_1, sprint2_heavy_combat_area_1,
          sprint2_mutation_trap_area_1, sprint2_forest_area_1,
          sprint2_light_combat_area_1, sprint2_behind_water_1,
          sprint2_near_end_vault_1]

Skill      XL: |  1  2  3  4  5  6  7  8 |
---------------+-------------------------+-----
Fighting       | 5 8 9 10 | 10.0
Dodging        | 5 7 9 |  9.8
Unarmed Combat | 6 9 10 11 | 11.6

Action                     |  1- 3 |  4- 6 |  7- 9 || total
---------------------------+-------+-------+-------++-------
  Melee: Unarmed           |    16 |    21 |    35 ||    72
         Punch             |     1 |     3 |     2 ||     6
 Invoke: Berserk           |     1 |       |     1 ||     2
    Use: Potion            |     1 |       |       ||     1
 Armour: Animal skin       |    10 |     4 |    25 ||    39
  Dodge: Dodged            |    12 |     3 |    14 ||    29

Table legend: (Time is in decaauts)
 A = Elapsed time spent in this place.
 B = Non-inter-level travel time spent in this place.
 C = Inter-level travel time spent in this place.
 D = Time resting spent in this place.
 E = Time spent auto-exploring this place.
 F = Levels seen in this place.
 G = Mean time per level.
                   A        B        C        D        E       F      G
               +--------+--------+--------+--------+--------+-----+--------+
         Total |    277 |    277 |      0 |     38 |     36 |   1 |  277.0 |
       Dungeon |    277 |    277 |      0 |     38 |     36 |   1 |  277.0 |
               +--------+--------+--------+--------+--------+-----+--------+

Top non-repeatable levels by time:
       D: 277 daAuts
